 Dungeon Crawl Stone Soup version 0.19.5 (webtiles) character file.

76 Necrosh the Shield-Bearer (level 4, -2/35 HPs)
             Began as a Human Fighter on Mar 31, 2017.
             Was a Follower of Vehumet.
             Slain by a gnoll
             ... wielding a +0 spear
              (8 damage)
             ... on level 2 of the Dungeon.
             The game lasted 00:22:29 (1945 turns).

Necrosh the Shield-Bearer (Human Fighter)           Turns: 1945, Time: 00:22:32

Health: -2/35      AC:  0    Str: 17    XL:     4   Next: 57%
Magic:  4/4        EV: 12    Int:  8    God:    Vehumet [*.....]
Gold:   77         SH:  0    Dex: 13    Spells: 0 memorised, 3 levels left

rFire  . . .     SeeInvis .     a - +0 war axe
rCold  . . .     Gourm    .     (no armour)
rNeg   . . .     Faith    .     (no shield)
rPois  .         Spirit   .     (no helmet)
rElec  .         Reflect  .     (no cloak)
rCorr  .         Harm     .     (no gloves)
MR     .....                    (no boots)
Stlth  +.........               (no amulet)
                                (no ring)
                                (no ring)

@: no status effects
A: no striking features
a: Renounce Religion


You were on level 2 of the Dungeon.
You worshipped Vehumet.
Vehumet was aware of your devotion.
You were near starving.

You visited 1 branch of the dungeon, and saw 2 of its levels.

You collected 77 gold pieces.

Inventory:

Hand Weapons
 a - a +0 war axe (weapon)
 g - a +0 dagger
 l - a +0 dagger
 r - a +0 club
 u - a +0 club
 v - a +0 dagger
 z - a +0 short sword
Missiles
 m - 6 bolts
 n - 7 tomahawks (quivered)
 p - 23 sling bullets
 q - 46 stones
 s - 25 arrows
Armour
 b - a +0 scale mail
 c - a +0 shield
 j - a +0 ring mail
 o - a +0 pair of gloves
 y - a +0 robe
Scrolls
 e - a scroll of identify {unknown}
 k - 2 scrolls of noise {unknown}
 t - 2 scrolls of enchant weapon {unknown}
 w - a scroll of immolation {unknown}
Potions
 d - 3 potions of might
 i - a potion of degeneration {unknown}
 x - 2 potions of heal wounds {unknown}
 A - a potion of curing {unknown}
Comestibles
 f - 4 bread rations
 h - a meat ration


   Skills:
 + Level 3.5 Fighting
 + Level 2.8 Axes
 + Level 3.3 Armour
 + Level 1.0 Dodging
 + Level 3.5 Shields


You had 3 spell levels left.
You didn't know any spells.

Dungeon Overview and Level Annotations

Branches:
Dungeon (2/15)

Altars:
Kikubaaqudgha
Vehumet


Message History

Wear which item? (? for menu, Esc to quit)
Okay, then.
Quiver which item? (- for none, * to show all) (? for menu, Esc to quit)
Quivering
n - 7 tomahawks for throwing.
A gnoll comes into view. It is wielding a spear.
The gnoll shouts!
The gnoll moves out of view. 2 gnolls come into view.
The gnoll shouts! x2
The gnoll hits you with a spear!
You completely miss the gnoll. The gnoll misses you.
The gnoll hits you with a spear.
You barely miss the gnoll. The gnoll hits you with a spear.
You hit the gnoll.
The gnoll is heavily wounded.
You are near starving!
The gnoll hits you from afar with a spear!
* * * LOW HITPOINT WARNING * * *
The gnoll hits you with a spear!
You die...

#.####.#....# #....# #..
#...##.#....# #....# #..
#####.##.#....# #....#
#.. ......##.#....#
#....# #..
########.###### #....#
#.. #.......# #....# #††
#.##############....#
#..
#.#.............##'##
#.. #.#.###########@##.#
#.. #.#.#
......gg.#.###########..
#.#.#
######.g##.#............
#.#.#
#..##.#.........†..
#.#.#
#..####............
#.#.##########..#
#........#...
#.#..........#..#
#.......###.#
##.##########.#..#
#........#... ...# #.#
#.........._.


You could see 3 gnolls.

Vanquished Creatures
  An adder (D:2)
  A dart slug (D:1)
  3 leopard geckos
  10 bats
  6 giant cockroaches
  5 goblins
  4 hobgoblins
  10 jackals
  3 quokkas (D:2)
  2 ball pythons
  A frilled lizard (D:2)
  2 kobolds
  6 rats
54 creatures vanquished.

Notes
Turn   | Place    | Note
-------+----------+-------------------------------------------
     0 | D:1      | Necrosh the Human Fighter began the quest for the Orb.
     0 | D:1      | Reached XP level 1. HP: 18/18 MP: 1/1
   190 | D:1      | Reached XP level 2. HP: 18/24 MP: 2/2
   689 | D:1      | Reached XP level 3. HP: 29/29 MP: 3/3
  1132 | D:2      | Found a radiant altar of Vehumet.
  1193 | D:2      | Became a worshipper of Vehumet
  1405 | D:2      | Reached XP level 4. HP: 31/35 MP: 4/4
  1512 | D:2      | Found an ancient bone altar of Kikubaaqudgha.
  1876 | D:2      | Reached skill level 1 in Dodging
  1881 | D:2      | Reached * piety under Vehumet
  1881 | D:2      | Offered knowledge of Freeze by Vehumet.
  1945 | D:2      | Slain by a gnoll

Skill      XL: |  1  2  3  4 |
---------------+-------------+-----
Dodging        | 1 |  1.0
Fighting       | |  3.5
Axes           | |  2.8
Armour         | |  3.3
Shields        | |  3.5

Action                   |  1- 3 |  4- 6 || total
-------------------------+-------+-------++-------
Melee: War axe           |   110 |    34 ||   144
  Use: Potion            |     1 |       ||     1
  Eat: Royal jelly       |     1 |       ||     1
Armor: Scale mail        |    69 |    80 ||   149
Dodge: Dodged            |    47 |    45 ||    92
Block: Shield            |    75 |    69 ||   144
